[Event "Titled Tuesday Blitz February 22 Early 2022"]
[White "FGHSMN"]
[Black "Jacobson, Aaron"]
[BlackFideId "2089912"]
[WhiteElo "2809"]
[BlackElo "2265"]
[Result "1/2-1/2"]
[Round "08"]
[TimeControl "180+1"]
[Date "2022.02.22"]
[WhiteClock "0:00:07"]
[BlackClock "0:00:04"]

1. d4 Nf6 2. Nf3 d5 3. c3 e6 4. Bf4 Bd6 5. e3 O-O 6. Nbd2 c5 7. Bg3 Nc6 8. Bd3 Qe7 9. Ne5 Nd7 10. Nxd7 Bxd7 11. Bxd6 Qxd6 12. dxc5 Qc7 13. Nf3 Ne7 14. b4 b6 15. cxb6 Qxc3+ 16. Ke2 axb6 17. Qd2 Qxd2+ 18. Kxd2 Ra3 19. Rhc1 Ra7 20. Ne5 Ba4 21. b5 f6 22. Nc6 Nxc6 23. Rxc6 Rb8 24. Rb1 Kf7 25. Rb4 h6 26. Be2 Ke7 27. Bg4 f5 28. Be2 Kd7 29. f4 Rc8 30. Rxc8 Kxc8 31. g4 fxg4 32. Bxg4 Kd7 33. f5 exf5 34. Bxf5+ Kd6 35. Bd3 Kc5 36. Rd4 Ra5 37. Rg4 g5 38. h4 Bxb5 39. Bxb5 Rxa2+ 40. Kd3 Ra3+ 41. Kd2 Kxb5 42. hxg5 hxg5 43. Rxg5 Kc4 44. Rg4+ Kc5 45. Rg8 Ra5 46. Rc8+ Kb4 47. Kd3 Kb3 48. Kd4 b5 49. Kxd5 b4+ 50. Kd4 Ka2 51. e4 b3 52. Rb8 b2 53. e5 Ra4+ 54. Kd5 Ra5+ 55. Kd6 Ra6+ 56. Kd5 Ra3 57. Rxb2+ Kxb2 58. e6 Ra5+ 59. Kd6 Kc3 60. e7 Ra6+ 61. Kd7 Ra7+ 62. Kd6 Ra8 63. Kd7 Kd4 64. e8=Q Rxe8 65. Kxe8 1/2-1/2


[Site "https://www.chess.com"]

[Event "Titled Tuesday Blitz February 22 Early 2022"]
[White "Gabrielian, Artur"]
[Black "Lodici, Lorenzo"]
[WhiteFideId "4131002"]
[BlackFideId "884189"]
[WhiteElo "2440"]
[BlackElo "2265"]
[Result "1-0"]
[Round "08"]
[TimeControl "180+1"]
[Date "2022.02.22"]
[WhiteClock "0:00:13"]
[BlackClock "0:00:02"]

1. e4 c5 2. Nc3 Nc6 3. Bb5 Qc7 4. Nf3 Nf6 5. O-O Nd4 6. Re1 Ng4 7. g3 Nxf3+ 8. Qxf3 Ne5 9. Qe3 e6 10. b3 Be7 11. Bb2 O-O 12. Bf1 a6 13. Bg2 b5 14. f4 Nc6 15. Nd1 Bb7 16. Nf2 f6 17. c3 c4 18. Kh1 Rae8 19. d4 cxd3 20. Nxd3 Na5 21. Rad1 Bc6 22. Nb4 Bb7 23. Nd3 Rd8 24. f5 e5 25. Nb4 Bc5 26. Qe2 Nc6 27. Nd5 Qb8 28. b4 Bd6 29. a3 Ne7 30. Ne3 Bc7 31. c4 Bc6 32. Nd5 Bxd5 33. cxd5 Nc8 34. Bc1 Nd6 35. g4 Rc8 36. g5 fxg5 37. Bxg5 Bd8 38. Be3 Nc4 39. Bc5 d6 40. Bf2 Nxa3 41. Rg1 Nc2 42. Rd3 Bg5 43. Rg3 Bf4 44. Rh3 Qb7 45. Qh5 h6 46. Bf3 Rf6 47. Bh4 Rcf8 48. Bxf6 Rxf6 49. Rg6 Kf8 50. Rxf6+ gxf6 51. Qg6 Qg7 52. Bh5 Qxg6 53. fxg6 Bd2 54. Rf3 Bxb4 55. Rxf6+ Kg8 56. Re6 Ne3 57. Re8+ Kg7 58. Re7+ Kf8 59. g7+ Kg8 60. Be8 Nc2 61. Bd7 Nd4 62. Be6+ Nxe6 63. dxe6 d5 64. Rd7 dxe4 65. e7 Bxe7 66. Rxe7 a5 67. Rxe5 1-0


[Site "https://www.chess.com"]

[Event "Titled Tuesday Blitz February 22 Early 2022"]
[White "Gaehwiler, Gabriel"]
[Black "Kobo, Ori"]
[WhiteFideId "1314530"]
[BlackFideId "2812320"]
[WhiteElo "2728"]
[BlackElo "2748"]
[Result "0-1"]
[Round "08"]
[TimeControl "180+1"]
[Date "2022.02.22"]
[WhiteClock "0:00:03"]
[BlackClock "0:00:10"]

1. d4 Nf6 2. c4 g6 3. Nf3 Bg7 4. g3 O-O 5. Bg2 d6 6. O-O c6 7. b3 Bf5 8. Nc3 Ne4 9. Bb2 Nxc3 10. Bxc3 Be4 11. Ne1 Bxg2 12. Kxg2 d5 13. Qd3 Nd7 14. Nf3 Nf6 15. Nd2 a5 16. e4 e6 17. cxd5 cxd5 18. e5 Nd7 19. Qb5 Qc7 20. Rfc1 Qc6 21. Qxc6 bxc6 22. f4 Rfc8 23. Kf3 Bf8 24. Bb2 a4 25. Ke2 c5 26. dxc5 Bxc5 27. Kd3 a3 28. Bd4 Bb4 29. Nf1 Kf8 30. Ne3 Ke7 31. Rc2 Rxc2 32. Nxc2 Bc5 33. Rc1 h6 34. Ne3 Bxd4 35. Kxd4 Rb8 36. Rc7 Rb4+ 37. Kd3 Kd8 38. Rc6 g5 39. Nc2 Re4 40. Ra6 gxf4 41. gxf4 Rxf4 42. Ra8+ Ke7 43. Ra7 Ke8 44. Ra8+ Ke7 45. Ra7 Kd8 46. Ra8+ Kc7 47. Ra7+ Kc8 48. Rxa3 Nxe5+ 49. Kc3 Rh4 50. Ra7 Rh3+ 51. Kd2 Rxh2+ 52. Kc3 Rh3+ 53. Kd2 h5 54. Nd4 Nf3+ 55. Nxf3 Rxf3 56. a4 Rxb3 57. a5 Ra3 58. Rxf7 Rxa5 59. Kd3 Ra4 60. Re7 Re4 61. Rh7 h4 62. Kd2 Kd8 63. Kd3 Ke8 0-1


[Site "https://www.chess.com"]

[Event "Titled Tuesday Blitz February 22 Early 2022"]
[White "Galchenko, Matvey"]
[Black "Ovetchkin, Roman"]
[WhiteFideId "24175480"]
[BlackFideId "4119991"]
[WhiteElo "2453"]
[BlackElo "2409"]
[Result "0-1"]
[Round "08"]
[TimeControl "180+1"]
[Date "2022.02.22"]
[WhiteClock "0:00:08"]
[BlackClock "0:00:08"]

1. e4 c6 2. c4 d5 3. exd5 cxd5 4. cxd5 Nf6 5. Qa4+ Nbd7 6. Nc3 g6 7. Bc4 Bg7 8. d3 O-O 9. Nf3 a6 10. Qa3 b6 11. O-O Bb7 12. Re1 Re8 13. Be3 b5 14. Bb3 Nb6 15. Bxb6 Qxb6 16. Qb4 Qd6 17. Qxd6 exd6 18. a3 Nd7 19. d4 Nb6 20. Kf1 Bh6 21. Ne4 Red8 22. Nc3 Kf8 23. g4 Rac8 24. g5 Bg7 25. Re4 Nc4 26. Bxc4 Rxc4 27. Rae1 Rc7 28. Rh4 Kg8 29. Rhe4 Kf8 30. Kg1 Bc8 31. Kg2 Bf5 32. Rf4 Re8 33. Re3 Rce7 34. Nd1 Bc2 35. Rxe7 Rxe7 36. Ne3 Be4 37. Kg3 h5 38. Nd2 Bd3 39. h3 Rc7 40. h4 a5 41. Ng2 a4 42. Rf3 Bf5 43. Rc3 Rxc3+ 44. bxc3 Bd3 45. Ne3 f6 46. Kf4 fxg5+ 47. hxg5 Kf7 48. Nf3 Be2 49. Nd2 b4 50. cxb4 Bxd4 51. Ndc4 Ke7 52. Ke4 Bg7 53. Nb6 h4 0-1


[Site "https://www.chess.com"]

[Event "Titled Tuesday Blitz February 22 Early 2022"]
[White "Galyas, Miklos"]
[Black "Moiseenko, Alexander"]
[WhiteFideId "707244"]
[BlackFideId "14102560"]
[WhiteElo "2554"]
[BlackElo "2779"]
[Result "0-1"]
[Round "08"]
[TimeControl "180+1"]
[Date "2022.02.22"]
[WhiteClock "0:01:26"]
[BlackClock "0:01:16"]

1. c4 e5 2. Nc3 Bb4 3. e4 Bxc3 4. dxc3 d6 5. g3 Nc6 6. Bg2 Nge7 7. Ne2 O-O 8. O-O f5 9. f4 Be6 10. exf5 Nxf5 11. b3 Kh8 12. fxe5 Nxe5 13. Nf4 Bg8 14. Bxb7 Rb8 15. Bg2 c6 16. Kh1 Qb6 17. Rb1 Nxc4 18. Qh5 Rf6 19. Qe2 Nce3 20. Bxe3 Nxe3 21. Rfe1 Nxg2 22. Kxg2 Rbf8 23. c4 g5 24. Nh5 Rf2+ 0-1


[Site "https://www.chess.com"]

[Event "Titled Tuesday Blitz February 22 Early 2022"]
[White "Garagulya, Konstantin"]
[Black "Melian, Juan Sebastian"]
[WhiteFideId "4128931"]
[BlackFideId "3706575"]
[WhiteElo "2329"]
[BlackElo "1842"]
[Result "0-1"]
[Round "08"]
[TimeControl "180+1"]
[Date "2022.02.22"]
[WhiteClock "0:00:12"]
[BlackClock "0:00:11"]

1. d4 Nf6 2. Nf3 e6 3. Bg5 d5 4. Nbd2 Qd6 5. e3 Nbd7 6. c4 e5 7. cxd5 e4 8. Ng1 Qxd5 9. Nh3 Nb6 10. Bxf6 Bxh3 11. Be5 Bd7 12. Bxc7 Bb4 13. Bxb6 axb6 14. a3 Bd6 15. Bc4 Qg5 16. g3 Qe7 17. Qb3 O-O 18. Qxb6 Bh3 19. Qxb7 Qxb7 0-1


[Site "https://www.chess.com"]

[Event "Titled Tuesday Blitz February 22 Early 2022"]
[White "Goldin, Roman"]
[Black "De Souza, Cristiano Gomes"]
[WhiteFideId "2803860"]
[BlackFideId "2151758"]
[WhiteElo "2312"]
[BlackElo "2068"]
[Result "1-0"]
[Round "08"]
[TimeControl "180+1"]
[Date "2022.02.22"]
[WhiteClock "0:01:10"]
[BlackClock "0:01:04"]

1. e4 c5 2. Nf3 d6 3. Bc4 Nc6 4. O-O e5 5. c3 Bg4 6. h3 Bxf3 7. Qxf3 Nf6 8. a3 Be7 9. d3 O-O 10. Nd2 a6 11. Re1 b5 12. Ba2 Ne8 13. Nf1 Nc7 14. Ng3 Ne6 15. Nf5 Bf6 16. Bd2 Ne7 17. g4 Ng6 18. Ne3 Nef4 19. Nd5 Nh4 20. Qg3 Bg5 21. Nxf4 exf4 22. Bxf4 Bxf4 23. Qxf4 Ng6 24. Qg3 Qf6 25. Re3 Nf4 26. h4 h6 27. g5 hxg5 28. hxg5 Qe5 29. d4 cxd4 30. cxd4 Qxd4 31. Qxf4 Qxb2 32. Ree1 g6 33. Bd5 Rac8 34. Rad1 Kg7 35. Kg2 Rc2 36. e5 1-0


[Site "https://www.chess.com"]

[Event "Titled Tuesday Blitz February 22 Early 2022"]
[White "Golizadeh, Asghar"]
[Black "Freitag, Manfred"]
[WhiteFideId "12505269"]
[BlackFideId "1602004"]
[WhiteElo "2403"]
[BlackElo "2275"]
[Result "0-1"]
[Round "08"]
[TimeControl "180+1"]
[Date "2022.02.22"]
[WhiteClock "0:00:03"]
[BlackClock "0:00:29"]

1. e4 c6 2. Nf3 d5 3. exd5 cxd5 4. Ne5 Nc6 5. d4 Nf6 6. Bb5 Bd7 7. Nxd7 Qxd7 8. c3 a6 9. Bd3 e6 10. O-O Bd6 11. Nd2 Qc7 12. Nf3 O-O 13. Re1 h6 14. Qe2 Rfe8 15. Ne5 Bxe5 16. dxe5 Nd7 17. f4 f6 18. exf6 Nxf6 19. Bg6 Re7 20. Qf2 Rf8 21. Be3 Nd7 22. Qg3 Rf6 23. Re2 Nf8 24. Bc2 Ref7 25. Rae1 Qd6 26. b4 d4 27. Rd1 Qb8 28. cxd4 Nxb4 29. Bb3 Nd5 30. Bxd5 exd5 31. Rde1 Ng6 32. Bd2 Rf8 33. h4 Nxf4 34. Re7 Ne2+ 35. Kh2 Qxg3+ 36. Kh1 Qxh4# 0-1


[Site "https://www.chess.com"]

[Event "Titled Tuesday Blitz February 22 Early 2022"]
[White "Goltsev, Dmitry"]
[Black "Langner, Ladislav"]
[WhiteFideId "24176710"]
[BlackFideId "300403"]
[WhiteElo "2273"]
[BlackElo "2346"]
[Result "1/2-1/2"]
[Round "08"]
[TimeControl "180+1"]
[Date "2022.02.22"]
[WhiteClock "0:00:10"]
[BlackClock "0:00:11"]

1. e4 c5 2. Nf3 e6 3. d4 cxd4 4. Nxd4 a6 5. Nc3 b5 6. a3 Bb7 7. Be2 Qc7 8. O-O Nf6 9. f3 d5 10. exd5 Nxd5 11. Nxd5 Bxd5 12. Kh1 Nc6 13. c3 Be7 14. Be3 O-O 15. Rc1 Na5 16. Nf5 Bf6 17. Ng3 Rfd8 18. Qe1 Nc4 19. Bxc4 Bxc4 20. Rf2 Bh4 21. Rd2 Rxd2 22. Bxd2 Rd8 23. Be3 h6 24. Bd4 Rd5 25. Rd1 Qd6 26. Rd2 Bg5 27. Ne4 Bxd2 28. Qxd2 Qd8 29. f4 f6 30. Qe1 e5 31. fxe5 fxe5 32. Bg1 Rd1 33. Qg3 Qb6 34. Nf2 Rf1 35. h3 e4 36. Kh2 Bd3 37. Qf4 Qf6 38. Qb8+ Kh7 39. Ng4 Qf4+ 40. Qxf4 Rxf4 41. Ne3 Bc4 42. Kg3 Rf7 43. Ng4 Rd7 44. Bd4 Rf7 45. Ne3 Kg6 46. h4 h5 47. Kh2 Bd3 48. Kg3 Bc4 49. Kh2 a5 50. Kg3 Rb7 51. Kf4 Bd3 52. Ke5 Rf7 53. Nd5 Rf1 54. Nf4+ Kf7 55. Nxh5 Rb1 56. Nf4 Rxb2 57. c4 Rb3 58. c5 Rxa3 59. c6 Ra2 60. Ne6 Rc2 61. Nc5 Be2 62. Kf4 Bc4 63. c7 Be6 64. Kxe4 b4 65. Kd3 Rxc5 66. Bxc5 b3 67. Kc3 a4 68. Kb2 Ke8 69. Bd4 g6 70. Be5 Kd7 71. Ka3 Bd5 72. g4 Bc6 73. h5 gxh5 74. gxh5 Be4 75. h6 Kc8 76. Bf4 Bh7 77. Be5 Bc2 78. Bf4 Kb7 79. Be5 Kc8 80. Bb2 Kb7 81. Kxa4 Kxc7 82. Kb4 Kd7 83. Bg7 Ke7 84. Kc3 Kf7 85. Kb2 Kg8 86. Bc3 Kh7 87. Bd2 Kg8 88. Bc1 Kh7 89. Kc3 Kg8 90. Kd4 Kh7 91. Ke5 Kg8 92. Kf6 Kh7 93. Kg5 Kg8 94. Bb2 Kh7 95. Bc1 Kg8 96. Bb2 Kh7 97. Bc1 1/2-1/2


[Site "https://www.chess.com"]

[Event "Titled Tuesday Blitz February 22 Early 2022"]
[White "Goltseva, Ekaterina"]
[Black "Warchol, Kamil"]
[WhiteFideId "24173770"]
[BlackFideId "21858241"]
[WhiteElo "2140"]
[BlackElo "1905"]
[Result "0-1"]
[Round "08"]
[TimeControl "180+1"]
[Date "2022.02.22"]
[WhiteClock "0:00:07"]
[BlackClock "0:00:10"]

1. d4 d6 2. Nf3 Bg4 3. c3 Nd7 4. e4 e5 5. Be3 Ngf6 6. Nbd2 Be7 7. Be2 c6 8. O-O O-O 9. Qb3 Qc7 10. Rad1 a5 11. h3 Bh5 12. Qc2 h6 13. Rfe1 Bg6 14. Bd3 Rfe8 15. Nf1 Bf8 16. Ng3 b5 17. Nh4 Bh7 18. Nhf5 Rad8 19. f4 a4 20. Qf2 Qb8 21. fxe5 dxe5 22. Rf1 b4 23. Bc2 a3 24. bxa3 bxc3 25. dxe5 Qxe5 26. Bd4 Bc5 27. Bxc5 Nxc5 28. Nxh6+ gxh6 29. Qxf6 Rxd1 30. Bxd1 Qxf6 31. Rxf6 Rd8 32. Rf1 Nxe4 33. Nxe4 Bxe4 34. Bb3 c2 35. Rc1 Rd2 36. g4 c5 37. Re1 c4 38. Ba4 c3 39. Kf1 Bd3+ 40. Kg1 Be2 41. Bxc2 Rxc2 42. Kf2 Bc4+ 43. Ke3 Bxa2 44. Kd3 Rh2 45. Kxc3 Rxh3+ 46. Kb4 Be6 47. Re4 Rg3 48. Re5 Rxg4+ 49. Kb5 Rg5 50. Rxg5+ hxg5 51. a4 Kg7 52. Kc5 Kg6 53. a5 Bh3 54. a6 Bg2 55. a7 g4 56. a8=Q Bxa8 0-1


[Site "https://www.chess.com"]

[Event "Titled Tuesday Blitz February 22 Early 2022"]
[White "Golubenko, Valentina"]
[Black "Seifert, Henryk"]
[WhiteFideId "4501993"]
[BlackFideId "1100963"]
[WhiteElo "2164"]
[BlackElo "2120"]
[Result "1-0"]
[Round "08"]
[TimeControl "180+1"]
[Date "2022.02.22"]
[WhiteClock "0:00:25"]
[BlackClock "0:00:09"]

1. d4 d5 2. g3 Nf6 3. Bg2 c6 4. Nf3 Bf5 5. c4 e6 6. O-O Nbd7 7. Nc3 h6 8. b3 Bd6 9. Nd2 O-O 10. f3 c5 11. dxc5 Bxc5+ 12. Kh1 d4 13. Na4 e5 14. Bb2 a5 15. Ne4 Bxe4 16. fxe4 Ng4 17. Bc1 Qc7 18. Bh3 Ndf6 19. Nxc5 Qxc5 20. Qd3 a4 21. Rb1 axb3 22. axb3 Ra2 23. Bg2 Rfa8 24. h3 Ne3 25. Bxe3 dxe3 26. Rf3 Ra1 27. Rxa1 Rxa1+ 28. Kh2 Qa3 29. Qxe3 Re1 30. Qf2 Qc1 31. Rd3 g6 32. Qxf6 1-0


[Site "https://www.chess.com"]

[Event "Titled Tuesday Blitz February 22 Early 2022"]
[White "Golubka, Petro"]
[Black "Kozin, Yuri"]
[WhiteFideId "14114224"]
[BlackFideId "4129920"]
[WhiteElo "2392"]
[BlackElo "2559"]
[Result "0-1"]
[Round "08"]
[TimeControl "180+1"]
[Date "2022.02.22"]
[WhiteClock "0:01:52"]
[BlackClock "0:00:02"]

1. a3 c5 2. h3 Nf6 3. g3 e6 4. Bg2 d5 5. b4 cxb4 6. axb4 Bxb4 7. Bb2 O-O 8. Nf3 Nc6 9. O-O Be7 10. e3 b6 11. Re1 Bb7 12. Nc3 a6 13. d3 b5 14. Ne2 Nd7 15. Nf4 Bf6 16. Bxf6 Qxf6 17. d4 Nb6 18. Nd3 Nc4 19. Nc5 Qe7 20. c3 h6 21. Bf1 Rfb8 22. Qc1 a5 23. Bd3 Bc8 24. e4 dxe4 25. Rxe4 Nd6 26. Rh4 Nf5 27. Re4 Qd6 28. Kg2 b4 29. Bc4 bxc3 30. Qxc3 Ncxd4 31. Nxd4 Qxc5 32. Nxf5 Qxf5 33. Re5 Bb7+ 34. f3 Qf6 35. Re3 Rc8 36. Qxf6 gxf6 37. Be2 Bd5 38. Rea3 Rc2 39. Kf1 Rb8 40. Bd1 Rh2 41. Rxa5 Rbb2 42. Kg1 Rxh3 43. g4 Rg3+ 44. Kf1 Rh3 45. Kg1 Bxf3 46. R1a3 Rg3+ 47. Kf1 Bg2+ 48. Ke1 Rxa3 49. Rxa3 Bd5 50. Ra7 Kg7 51. Be2 Kg6 52. Bd3+ Kg5 53. Rxf7 e5 54. Rd7 Be6 55. Rg7+ Kf4 56. Rg6 Bxg4 57. Rxf6+ Ke3 58. Rd6 h5 59. Rd5 e4 60. Rb5 Rxb5 61. Bxb5 Bf3 62. Be2 h4 63. Bf1 Bg4 64. Bg2 h3 65. Bh1 Bf3 0-1


[Site "https://www.chess.com"]

[Event "Titled Tuesday Blitz February 22 Early 2022"]
[White "Gormally, Daniel W"]
[Black "Shuvalova, Polina"]
[WhiteFideId "406465"]
[BlackFideId "24171760"]
[WhiteElo "2827"]
[BlackElo "2655"]
[Result "1-0"]
[Round "08"]
[TimeControl "180+1"]
[Date "2022.02.22"]
[WhiteClock "0:00:18"]
[BlackClock "0:00:08"]

1. d4 Nf6 2. Bg5 d5 3. Nd2 Nbd7 4. e3 e6 5. Ngf3 Be7 6. Bd3 b6 7. c4 Bb7 8. O-O O-O 9. Rc1 c5 10. cxd5 Nxd5 11. Bxe7 Qxe7 12. Bb5 Rac8 13. Bxd7 Qxd7 14. dxc5 Rxc5 15. Rxc5 bxc5 16. Qc2 Rc8 17. a3 h6 18. Rc1 Nf6 19. Qc3 Qb5 20. Nc4 Bxf3 21. Nd6 Ne4 22. Nxb5 Nxc3 23. Rxc3 Bd5 24. f3 Rb8 25. Rxc5 a6 26. Nc7 Rxb2 27. Nxa6 Ra2 28. Rc3 g5 29. Nb4 Rb2 30. h3 Kg7 31. Nxd5 exd5 32. Rd3 Ra2 33. Rxd5 Rxa3 34. Kf2 Kg6 35. Rd6+ Kg7 36. e4 Ra2+ 37. Kg3 Rb2 38. Rd5 Ra2 39. Rf5 Kg6 40. h4 f6 41. hxg5 hxg5 42. Kh3 Rb2 43. g3 Rb1 44. Kg4 Rg1 45. Rb5 Rg2 46. Rb6 Kg7 47. Re6 Rf2 48. e5 fxe5 49. Rxe5 Kf6 50. Rf5+ Ke6 51. Rxg5 Ra2 52. f4 Ra3 53. Rg6+ Kf7 54. Rb6 Ra4 55. Kh4 Kg7 56. Kg5 Ra5+ 57. f5 Ra3 58. g4 Ra7 59. Rg6+ Kh7 60. Rh6+ Kg7 61. f6+ Kf7 62. Rh7+ 1-0


[Site "https://www.chess.com"]

[Event "Titled Tuesday Blitz February 22 Early 2022"]
[White "Gracia Alvarez, Gerardo Antonio"]
[Black "Todorovic, Bojan"]
[WhiteFideId "5109124"]
[BlackFideId "917087"]
[WhiteElo "2139"]
[BlackElo "2266"]
[Result "0-1"]
[Round "08"]
[TimeControl "180+1"]
[Date "2022.02.22"]
[WhiteClock "0:01:46"]
[BlackClock "0:01:58"]

1. c4 Nf6 2. Nc3 g6 3. e4 d6 4. d4 Bg7 5. Be2 O-O 6. Be3 Nc6 7. d5 Ne5 8. h3 e6 9. f4 Ned7 10. Qd2 exd5 11. exd5 Re8 12. O-O-O Nc5 13. Nf3 Nfe4 14. Nxe4 Nxe4 15. Qc2 Ng3 16. Bd4 Nxe2+ 0-1


[Site "https://www.chess.com"]

[Event "Titled Tuesday Blitz February 22 Early 2022"]
[White "Grandelius, Nils"]
[Black "Matinian, Nikita"]
[WhiteFideId "1710400"]
[BlackFideId "24129100"]
[WhiteElo "2617"]
[BlackElo "2422"]
[Result "0-1"]
[Round "08"]
[TimeControl "180+1"]
[Date "2022.02.22"]
[WhiteClock "0:00:05"]
[BlackClock "0:00:04"]

1. Nf3 Nf6 2. g3 g6 3. b3 Bg7 4. Bb2 O-O 5. Bg2 c5 6. c4 Nc6 7. O-O b6 8. d4 cxd4 9. Nxd4 Bb7 10. Nc3 Rc8 11. Rc1 Re8 12. Nc2 e6 13. Qd2 d5 14. cxd5 Ne7 15. d6 Bxg2 16. Kxg2 Ned5 17. Nxd5 exd5 18. Bxf6 Bxf6 19. Qxd5 Rc5 20. Qd3 Qa8+ 21. Kg1 Rd5 22. Qf3 Rxd6 23. Qxa8 Rxa8 24. Rfd1 Rad8 25. Rxd6 Rxd6 26. Nb4 Rd2 27. Rc2 Rd1+ 28. Kg2 a5 29. Nd3 h5 30. h4 Kg7 31. Kf3 Bd4 32. Rc4 Bf6 33. Rc6 b5 34. a4 b4 35. Rc5 Rb1 36. Rxa5 Rxb3 37. Rb5 Be7 38. Ke3 Ra3 39. a5 b3 40. Kd2 Bf6 41. a6 Bd4 42. e3 Bf6 43. a7 Ra2+ 44. Kc1 Ra1+ 45. Kd2 Ra2+ 46. Kd1 Ra1+ 47. Ke2 Ra2+ 48. Kf3 Rxa7 49. Rxb3 Rd7 50. Nf4 Be5 51. Ne2 Rd2 52. Rb5 Kf6 53. Rb6+ Kg7 54. Rb1 Ra2 55. Ng1 Bc3 56. Nh3 Be5 57. Rb7 Bf6 58. Rd7 Kg8 59. Nf4 Ra6 60. Nd5 Re6 61. Ke2 Bg7 62. Kd3 Ra6 63. Ne7+ Kh7 64. Nd5 Kg8 65. Ke4 Ra4+ 66. Kf3 Ra6 67. e4 Ra3+ 68. Kg2 Ra2 69. Nf4 Ra4 70. f3 Ra2+ 71. Kh3 Rf2 72. Rd3 Be5 73. Ng2 Kg7 74. f4 Rf1 75. fxe5 Rh1# 0-1


[Site "https://www.chess.com"]

[Event "Titled Tuesday Blitz February 22 Early 2022"]
[White "Grischuk, Alexander"]
[Black "Svane, Rasmus"]
[WhiteFideId "4126025"]
[BlackFideId "4657101"]
[WhiteElo "2762"]
[BlackElo "2645"]
[Result "1-0"]
[Round "08"]
[TimeControl "180+1"]
[Date "2022.02.22"]
[WhiteClock "0:00:27"]
[BlackClock "0:00:01"]

1. e4 c6 2. d4 d5 3. e5 Bf5 4. Nf3 e6 5. Be2 Ne7 6. c3 Nd7 7. O-O Ng6 8. Ne1 c5 9. Be3 Qb6 10. g4 Bxb1 11. Rxb1 h5 12. gxh5 Nh4 13. Ng2 Nf5 14. Bg4 cxd4 15. cxd4 Be7 16. Bxf5 exf5 17. Qf3 g6 18. Nf4 gxh5 19. Nxd5 Qg6+ 20. Kh1 Bd8 21. Rg1 Qe6 22. Nf4 Qc6 23. Qxc6 bxc6 24. Rbc1 Rc8 25. Kg2 Bg5 26. Nd3 Be7 27. Kf3 Nb6 28. Nf4 Bf8 29. d5 cxd5 30. Bxb6 Rxc1 31. Rxc1 axb6 32. Nxd5 Bg7 33. Rc8+ Kd7 34. Nxb6+ Ke6 35. Rxh8 Bxh8 36. Nc4 f6 37. exf6 Bxf6 38. b3 Bd4 39. h3 Bc5 40. a4 Kd5 41. Ne3+ Ke5 42. a5 Kd4 43. b4 Ba7 44. Kf4 Bb8+ 45. Kxf5 Bd6 46. a6 Bb8 47. Kg6 Ba7 48. Kxh5 Kc3 49. Kg6 Kxb4 50. h4 Kb5 51. h5 Kxa6 52. h6 Bd4 53. h7 Kb5 54. Nf5 Bh8 55. Kf7 Kc6 56. Kg8 Bf6 57. Ng7 1-0


[Site "https://www.chess.com"]

[Event "Titled Tuesday Blitz February 22 Early 2022"]
[White "Dronavalli, Harika"]
[Black "Eynullayev, Atilla"]
[WhiteFideId "5015197"]
[BlackFideId "13413570"]
[WhiteElo "2382"]
[BlackElo "1979"]
[Result "1-0"]
[Round "08"]
[TimeControl "180+1"]
[Date "2022.02.22"]
[WhiteClock "0:00:22"]
[BlackClock "0:00:09"]

1. d4 Nf6 2. c4 e6 3. Nc3 Bb4 4. e3 O-O 5. Bd2 d5 6. Nf3 b6 7. Rc1 Bb7 8. cxd5 exd5 9. Bd3 Re8 10. Ne5 Bf8 11. O-O c5 12. Be1 Nc6 13. Bb5 Re6 14. f4 a6 15. Bxc6 Bxc6 16. Bh4 Bb7 17. Qf3 Be7 18. f5 Rd6 19. Bg3 Ne4 20. Qh5 g6 21. fxg6 hxg6 22. Qf3 Rf6 23. Qe2 Nxg3 24. hxg3 Kg7 25. Ng4 Rxf1+ 26. Rxf1 Qd6 27. Qf3 Rf8 28. Ne2 Bc8 29. Ne5 Bf5 30. g4 Be4 31. Qf4 g5 32. Qg3 Bf6 33. Nc3 cxd4 34. exd4 Rh8 35. Nxe4 dxe4 36. Qe3 Bxe5 37. Qxg5+ Kf8 38. Qxe5 Qxe5 39. dxe5 Ke7 40. Rf6 Rg8 41. Rxb6 Rxg4 42. Kf2 e3+ 43. Kxe3 Rxg2 44. a3 a5 45. Kd4 Rd2+ 46. Kc4 Re2 47. Rb5 a4 48. Kd3 Re1 49. Kc3 Ke6 50. Kb4 Re4+ 51. Ka5 Rxe5 52. Kxa4 Rxb5 53. Kxb5 Kd5 54. Kb4 f5 55. Kc3 Ke4 56. Kd2 Kf3 57. a4 f4 58. a5 Kg2 59. a6 f3 60. a7 f2 61. a8=Q+ Kg1 62. Qg8+ Kf1 63. Qf7 Kg1 64. b4 f1=Q 65. Qxf1+ Kxf1 1-0


[Site "https://www.chess.com"]

[Event "Titled Tuesday Blitz February 22 Early 2022"]
[White "Heinemann, Josefine"]
[Black "Stanisz, Patryk"]
[WhiteFideId "12900460"]
[BlackFideId "1123106"]
[WhiteElo "2300"]
[BlackElo "1876"]
[Result "1/2-1/2"]
[Round "08"]
[TimeControl "180+1"]
[Date "2022.02.22"]
[WhiteClock "0:00:09"]
[BlackClock "0:00:08"]

1. Nf3 c5 2. e4 Nc6 3. d4 cxd4 4. Nxd4 Nf6 5. Nc3 e5 6. Ndb5 d6 7. Nd5 Nxd5 8. exd5 Ne7 9. Qf3 Nf5 10. Bd3 Nh4 11. Qg3 Ng6 12. h4 f5 13. Bg5 Qa5+ 14. Bd2 Qb6 15. a4 e4 16. a5 Qd8 17. Be2 Be7 18. Bf4 Nxf4 19. Qxf4 O-O 20. g3 a6 21. Nd4 Bf6 22. Qe3 Be5 23. c3 f4 24. gxf4 Bxf4 25. Qxe4 Qf6 26. Ne6 Bxe6 27. Qxe6+ Kh8 28. Qxf6 Rxf6 29. Kd1 Be5 30. f3 Re8 31. Ra4 h6 32. Re4 Rc8 33. Kc2 Rc5 34. Ra1 Rxd5 35. Raa4 Rc5 36. Reb4 Rc7 37. Rb6 Bg3 38. Re4 Rff7 39. h5 Be5 40. Bd3 Rfe7 41. f4 Bf6 42. Rxe7 Bxe7 43. Bg6 Kg8 44. Rb4 Kf8 45. Re4 Rc8 46. Re6 Rd8 47. b4 d5 48. Kd3 d4 49. Rb6 dxc3+ 50. Kxc3 Rd7 51. Bf5 Bf6+ 52. Kb3 Rc7 53. Rd6 Ke7 54. Re6+ Kd8 55. Re3 Re7 56. Rd3+ Kc7 57. Bg6 Rd7 58. Rxd7+ Kxd7 59. Kc4 Kc7 60. f5 Bg5 61. b5 Bf6 62. b6+ Kb8 63. Bf7 Bg5 64. Be6 Bf6 65. Bf7 Bg5 66. Kb4 Bf6 67. Ka4 Be7 68. Bg6 Bf6 69. Bf7 Be7 70. Bg6 Bf6 71. Bf7 1/2-1/2


[Site "https://www.chess.com"]

[Event "Titled Tuesday Blitz February 22 Early 2022"]
[White "Hjartarson, Johann"]
[Black "Wagner, Dennis"]
[WhiteFideId "2300044"]
[BlackFideId "24650684"]
[WhiteElo "2649"]
[BlackElo "2807"]
[Result "0-1"]
[Round "08"]
[TimeControl "180+1"]
[Date "2022.02.22"]
[WhiteClock "0:00:02"]
[BlackClock "0:00:04"]

1. e4 e5 2. Nf3 Nc6 3. Bb5 a6 4. Ba4 Nf6 5. O-O b5 6. Bb3 Bc5 7. c3 d6 8. d4 Bb6 9. Be3 Bg4 10. Re1 exd4 11. Bxd4 Nxd4 12. cxd4 Bxf3 13. gxf3 Nh5 14. Nc3 Nf4 15. Kh1 Qh4 16. Qd2 Bxd4 17. Rg1 Be5 18. Rg4 Qf6 19. Re1 h5 20. Rg3 c6 21. Reg1 g6 22. Nd1 h4 23. Rg4 Nh3 24. R1g2 Qxf3 25. Ne3 Nf4 26. Bd1 Qxe4 27. f3 Qb1 28. Rg1 Qxa2 29. Nc2 Nh3 30. Re1 O-O 31. Nb4 Qa5 32. Bc2 c5 33. Bxg6 fxg6 34. Rxg6+ Bg7 0-1


[Site "https://www.chess.com"]

[Event "Titled Tuesday Blitz February 22 Early 2022"]
[White "Hoffmann, Asa"]
[Black "Dilmukhametov, Artur"]
[WhiteFideId "2001470"]
[BlackFideId "24179922"]
[WhiteElo "2117"]
[BlackElo "2266"]
[Result "1-0"]
[Round "08"]
[TimeControl "180+1"]
[Date "2022.02.22"]
[WhiteClock "0:00:26"]
[BlackClock "0:00:09"]

1. d4 e5 2. Nf3 e4 3. Nfd2 d5 4. Nb3 f5 5. Bf4 g5 6. Be5 Nf6 7. e3 h5 8. Be2 Nbd7 9. c4 c6 10. cxd5 cxd5 11. Nc3 Bb4 12. h4 g4 13. Bf4 Kf7 14. Qc2 Kg6 15. a3 Ba5 16. Nxa5 Qxa5 17. b4 Qd8 18. O-O-O Nf8 19. Qb3 Ne6 20. Be5 Bd7 21. Kb2 Rc8 22. Nxd5 Nxd5 23. Qxd5 Rc2+ 24. Kb1 Rxe2 25. Bxh8 Qe7 26. Be5 Bc6 27. Qd6 Qxd6 28. Bxd6 Bb5 29. Bg3 Bd3+ 30. Ka1 f4 31. Bxf4 Nxf4 32. exf4 Rxf2 33. g3 Rf3 34. Rhg1 Rf2 35. d5 Bb5 36. d6 Bd7 37. Rge1 Rf3 38. Rxe4 Rxa3+ 39. Kb2 Rxg3 40. Re7 Rg2+ 41. Ka1 Bc6 42. d7 Bxd7 43. Rdxd7 Kf5 44. Rf7+ Ke4 45. Rd1 Rh2 46. f5 Rxh4 47. f6 g3 48. Rg7 Rf4 49. f7 h4 50. Re1+ Kd3 51. Re8 Rf1+ 52. Kb2 Rf2+ 53. Kb3 g2 54. f8=Q Rxf8 55. Rxf8 h3 56. Rh8 g1=Q 57. Rxg1 1-0


[Site "https://www.chess.com"]